 Dungeon Crawl Stone Soup version 0.19-a0-1213-g90c832c (webtiles) character file.

401 Lindan9 the Skirmisher (level 6, -2/50 HPs)
             Began as a Demonspawn Abyssal Knight on Aug 23, 2016.
             Was a Believer of Lugonu.
             Killed by divine providence
             ... invoked by an orc priest
              (14 damage)
             ... on level 4 of the Dungeon.
             The game lasted 00:19:41 (3044 turns).

Lindan9 the Skirmisher (Demonspawn Abyssal Knight)  Turns: 3044, Time: 00:19:41

Health: -2/50      AC: 19    Str: 15    XL:     6   Next: 54%
Magic:  8/8        EV:  6    Int: 13    God:    Lugonu [**....]
Gold:   90         SH:  3    Dex: 12    Spells: 0 memorised, 5 levels left

rFire  . . .     SeeInvis .     a - +1 spear
rCold  + . .     Gourm    .     b - +0 chain mail
rNeg   . . .     Faith    .     i - +0 buckler
rPois  .         Spirit   .     p - +2 helmet
rElec  .         Dismiss  .     (no cloak)
rCorr  .         Reflect  .     j - +0 pair of gloves
MR     .....     Harm     .     (no boots)
Stlth  ..........               (no amulet)
                                (no ring)
                                (no ring)

@: sanguine armour
A: hooves 2, cold resistance 1, sanguine armour 1
a: Depart the Abyss, Bend Space, Renounce Religion


You were on level 4 of the Dungeon.
You worshipped Lugonu.
Lugonu was pleased with you.
You were not hungry.

You visited 1 branch of the dungeon, and saw 4 of its levels.
You visited the Abyss 1 time.

You collected 90 gold pieces.

Inventory:

Hand Weapons
 a - a +1 spear (weapon)
Armour
 b - a +0 chain mail (worn)
 i - a +0 buckler (worn)
 j - a +0 pair of gloves (worn)
 p - a +2 helmet (worn)
Scrolls
 k - a scroll of fog
Potions
 d - a potion of agility
 e - a potion of magic {unknown}
 f - 2 potions of ambrosia
 g - a potion of curing {unknown}
 n - a potion of invisibility {unknown}
 o - a potion of haste {unknown}
Comestibles
 c - 2 bread rations
 h - a meat ration


   Skills:
 + Level 4.8 Fighting
 + Level 2.8 Polearms
 + Level 3.9 Armour
 + Level 2.2 Dodging
 + Level 0.2 Stealth
 + Level 1.0 Shields
 + Level 2.9 Invocations


You had 5 spell levels left.
You didn't know any spells.

Dungeon Overview and Level Annotations

Branches:
Dungeon (4/15)
 Temple: D:4-7

Altars:


Innate Abilities, Weirdness & Mutations

You have hoof-like feet.
Your flesh is cold resistant. (rC+)
When seriously injured, your bleeding wounds create armour. (AC +6)


Message History

Lugonu accepts your kill. The orc hits you with a flail.
The orc priest hits you but does no damage.
The orc barely misses you.
The orc priest mumbles some strange prayers to Beogh against you.
Pain shoots through your body!
Items here: ) ††† a flail of holy wrath; an orc corpse x2; an adder corpse You hit the orc priest but do no damage.
Your kick misses the orc priest.
You hit the orc priest but do no damage.
You kick the orc priest, but do no damage.
The orc hits you with a flail.
* * * LOW HITPOINT WARNING * * *
The orc priest hits you.
* * * LOW HITPOINT WARNING * * *
You barely miss the orc priest. Your kick misses the orc priest.
The orc priest invokes the aid of Beogh against you.
Beogh smites you!
You die...

#≈≈≈≈≈..≈≈≈.≈≈≈≈≈.≈.≈...≈≈
#.........................
#.........................
###..........######.#.....
##...##....##...........
#...##....##...........
#......................
#.....o................
#.....@................
#...##o...##...........
#...########...##...###
#.... #### #+####. #..S.
...... #....o ......
#...## ...... #...# ...##.
... #.


You could see an orc priest and an orc.

Vanquished Creatures
  The ghost of ishanyx the Ducker, an amateur MfAK of Lugonu (D:3)
  2 giant frog skeletons (D:4)
  Terence (D:2)
  An iguana (D:3)
  A worker ant (D:4)
  6 adders
  An ooze (D:3)
  2 worms
  A dart slug (D:1)
  2 giant geckos
  4 orcs (D:4)
  2 ball pythons
  3 giant cockroaches
  5 goblins
  8 hobgoblins
  5 jackals (D:3)
  4 quokkas
  4 bats
  9 kobolds
  7 rats
69 creatures vanquished.

Notes
Turn   | Place    | Note
-------+----------+-------------------------------------------
     0 | Abyss:1  | Lindan9 the Demonspawn Abyssal Knight began the quest for the Orb.
     0 | Abyss:1  | Reached XP level 1. HP: 18/18 MP: 2/2
    89 | Abyss:1  | Noticed a quasit
    94 | D:1      | Escaped the Abyss
   373 | D:1      | Gained mutation: When seriously injured, your bleeding wounds create armour. (AC +6) [demonic ancestry]
   373 | D:1      | Reached XP level 2. HP: 21/24 MP: 3/3
   474 | D:1      | Reached * piety under Lugonu
   931 | D:2      | Gained mutation: You have large cloven feet. [demonic ancestry]
   931 | D:2      | Reached XP level 3. HP: 20/30 MP: 5/5
   938 | D:2      | Noticed Terence
   946 | D:2      | Reached skill level 1 in Dodging
   977 | D:2      | Killed Terence
   977 | D:2      | Reached skill level 4 in Fighting
  1019 | D:2      | Reached XP level 4. HP: 15/37 MP: 6/6
  1621 | D:3      | Reached ** piety under Lugonu
  1792 | D:3      | Noticed ishanyx's ghost (amateur MfAK)
  2166 | D:3      | Killed ishanyx's ghost
  2166 | D:3      | Reached skill level 1 in Shields
  2166 | D:3      | Gained mutation: Your flesh is cold resistant. (rC+) [demonic ancestry]
  2166 | D:3      | Reached XP level 5. HP: 18/43 MP: 7/7
  2468 | D:3      | Gained mutation: You have hoof-like feet. [demonic ancestry]
  2468 | D:3      | Reached XP level 6. HP: 47/49 MP: 8/8
  3044 | D:4      | Killed from afar by an orc priest

Vault maps used:
D:1:      minmay_arrival_radiant_lines
D:2:      uniq_terence
D:3:      lemuel_statue_altar
D:4:      minmay_goblin_kobold_castle, first_bread, serial_shops, shop,
          uniq_menkaure

Skill      XL: |  1  2  3  4  5  6 |
---------------+-------------------+-----
Armour         | 2 3 |  3.9
Dodging        | 1 2 |  2.2
Fighting       | 4 |  4.8
Polearms       | 2 |  2.8
Shields        | 1 |  1.0
Stealth        | |  0.2
Invocations    | |  2.9

Action                   |  1- 3 |  4- 6 || total
-------------------------+-------+-------++-------
Melee: Spear             |   133 |   285 ||   418
       Kick              |    19 |    62 ||    81
Invok: Depart the Abyss  |     1 |       ||     1
  Use: Scroll            |     3 |     7 ||    10
       Potion            |       |     1 ||     1
  Eat: Bread ration      |     1 |     1 ||     2
Armor: Leather armour    |     8 |       ||     8
       Chain mail        |    28 |   204 ||   232
       Ring mail         |     6 |       ||     6
Dodge: Dodged            |    35 |    66 ||   101
Block: Buckler           |    11 |    34 ||    45
